 Dungeon Crawl Stone Soup version 0.21-a0-450-gd87a9b2 (webtiles) character file.

854 mortelune the Cudgeler (level 8, -1/51 HPs)
             Began as a Gargoyle Fighter on Nov 20, 2017.
             Was a Follower of Okawaru.
             Killed by nerve-wracking pain
             ... invoked by Grinder
              (5 damage)
             ... on level 5 of the Dungeon.
             The game lasted 00:11:39 (4521 turns).

mortelune the Cudgeler (Gargoyle Fighter)           Turns: 4521, Time: 00:11:39

Health: -1/51      AC: 16    Str: 21    XL:     8   Next: 1%
Magic:  8/8        EV:  7    Int: 10    God:    Okawaru [*.....]
Gold:   148        SH: 10    Dex:  9    Spells: 7/7 levels left

rFire    . . .     SeeInvis .   a - +0 flail
rCold    . . .     Gourm    .   c - +1 shield
rNeg     + . .     Faith    .   b - +0 scale mail
rPois    ∞         Spirit   .   (no helmet)
rElec    +         Reflect  .   (no cloak)
rCorr    .         Harm     .   (no gloves)
MR       .....                  (no boots)
Stlth    ..........             (no amulet)
HPRegen  0.17/turn              B - ring of flight
MPRegen  0.11/turn              r - +3 ring of protection

@: about to teleport
A: negative energy resistance 1, electricity resistance, unbreathing,
petrification resistance, rot immunity, AC +5
a: Heroism, Renounce Religion, Evoke Flight


You were on level 5 of the Dungeon.
You worshipped Okawaru.
Okawaru was aware of your devotion.
You were near starving.

You visited 1 branch of the dungeon, and saw 5 of its levels.

You collected 148 gold pieces.

Inventory:

Hand Weapons
 a - a +0 flail (weapon)
Armour
 b - a +0 scale mail (worn)
 c - a +1 shield (worn)
Jewellery
 e - an uncursed ring of stealth
 j - an uncursed ring of stealth
 r - a +3 ring of protection (right hand)
 B - a ring of flight (left hand)
Wands
 v - a wand of lightning (15/15)
 x - a wand of random effects (8/48)
Scrolls
 g - a scroll of noise
 m - a scroll of fog {unknown}
 q - a scroll of immolation {unknown}
 s - a scroll of remove curse
 u - 2 scrolls of enchant armour
 w - a scroll of random uselessness
 y - a scroll of amnesia {unknown}
Potions
 d - a potion of might
 h - a potion of mutation
 i - a potion of agility
 k - a potion of heal wounds {unknown}
 p - 2 potions of flight
 z - a potion of curing
Comestibles
 f - 4 bread rations
 n - 4 fruits
 o - 4 meat rations
 t - a royal jelly


   Skills:
 + Level 5.8 Fighting
 * Level 6.4 Maces & Flails
 + Level 5.7 Armour
 - Level 3.2 Shields


You had 7 spell levels left.
You didn't know any spells.

Dungeon Overview and Level Annotations

Branches:
Dungeon (5/15)             Temple (0/1) D:4

Altars:
Fedhas
Nemelex Xobeh
Okawaru
Yredelemnul

Annotations:
D:5 Grinder; mortelune's ghost, novice GrFi


Innate Abilities, Weirdness & Mutations

You are resistant to torment.
Your stone body is resilient. (AC +5)
You are immune to poison.
You resist negative energy. (rN+)
You are resistant to electric shocks. (rElec)
You can survive without breathing.
You are immune to petrification.
You are immune to rotting.


Message History

You closely miss Grinder. Grinder hits you but does no damage.
Your scale mail prevents you from hitting Grinder.
Grinder gestures at you.
You suddenly lose the ability to move!
Grinder hits you!
* * * LOW HITPOINT WARNING * * *
Grinder gestures at you. Pain shoots through your body!
* * * LOW HITPOINT WARNING * * *
Grinder gestures at you.
You struggle to resist.
Grinder barely misses you. Grinder hits you.
* * * LOW HITPOINT WARNING * * *
You can move again.
As you read the scroll of teleportation, it crumbles to dust.
You feel strangely unstable. Grinder gestures at you.
Pain shoots through your body!
You die...

..# ##.## ... #)#####
#.#...## ####### #......##
#.....# #..)....#### ####
#.###.####........... ...#
#.#......†5@.....####
...###.#.#.####......#####
...........# #...........
...######### ###########.
...# ####


You could see Grinder.

Vanquished Creatures
  An ice beast (D:4)
  2 ogres (D:4)
  A centaur (D:2)
  2 scorpions
  A howler monkey (D:5)
  3 orc wizards
  5 worker ants (D:4)
  A hound skeleton (D:4)
  6 adders
  An ooze (D:2)
  2 adder skeletons (D:4)
  3 worms
  2 dart slugs
  A leopard gecko (D:4)
  8 orcs
  4 giant cockroaches
  10 goblins
  5 hobgoblins
  8 jackals
  A quokka (D:3)
  10 bats
  A frilled lizard (D:2)
  5 kobolds
  A leopard gecko skeleton (D:4)
  13 rats
97 creatures vanquished.

Notes
Turn   | Place    | Note
-------+----------+-------------------------------------------
     0 | D:1      | mortelune the Gargoyle Fighter began the quest for the Orb.
     0 | D:1      | Reached XP level 1. HP: 14/14 MP: 1/1
   128 | D:1      | Reached XP level 2. HP: 12/19 MP: 2/2
   858 | D:1      | Reached XP level 3. HP: 23/23 MP: 3/3
   869 | D:1      | Found an iron altar of Okawaru.
   895 | D:1      | Became a worshipper of Warmaster Okawaru
  1207 | D:2      | Noticed a centaur
  1218 | D:2      | Killed a centaur
  1218 | D:2      | Reached skill level 3 in Maces & Flails
  1218 | D:2      | Reached XP level 4. HP: 10/29 MP: 4/4
  1454 | D:2      | Reached XP level 5. HP: 33/33 MP: 5/5
  1654 | D:2      | Reached skill level 4 in Maces & Flails
  2303 | D:3      | Found a basalt altar of Yredelemnul.
  2310 | D:3      | Found a blossoming altar of Fedhas.
  2312 | D:3      | Found a sparkling altar of Nemelex Xobeh.
  2679 | D:3      | Reached * piety under Okawaru
  2679 | D:3      | Reached XP level 6. HP: 20/39 MP: 6/6
  3151 | D:4      | Reached skill level 5 in Maces & Flails
  3364 | D:4      | Reached skill level 5 in Fighting
  3364 | D:4      | Reached skill level 5 in Armour
  3364 | D:4      | Reached XP level 7. HP: 32/44 MP: 7/7
  3631 | D:4      | Found a staircase to the Ecumenical Temple.
  3656 | D:4      | Reached skill level 6 in Maces & Flails
  3754 | D:4      | Reached ** piety under Okawaru
  4302 | D:5      | Entered Level 5 of the Dungeon
  4371 | D:5      | Noticed mortelune's ghost (novice GrFi)
  4377 | D:5      | Reached XP level 8. HP: 51/51 MP: 5/8
  4388 | D:5      | Noticed Grinder
  4505 | D:5      | Paralysed by Grinder for 4 turns
  4515 | D:5      | Paralysed by Grinder for 6 turns
  4521 | D:5      | Killed from afar by Grinder

Vault maps used:
D:1:      eino_arrival_druids_welcome, okawaru_ov_weapons_minmay
D:2:      wad_river_or_something, first_bread
D:3:      nicolae_overflow_hidden_temple
D:4:      temple_doors_e
D:5:      zin_purify, uniq_grinder

Skill      XL: |  1  2  3  4  5  6  7 |
---------------+----------------------+-----
Fighting       | 4 5 |  5.8
Maces & Flails | 3 4 5 6 |  6.4
Armour         | 4 5 |  5.7
Shields        | |  3.2

Action                   |  1- 3 |  4- 6 |  7- 9 || total
-------------------------+-------+-------+-------++-------
Melee: Flail             |   126 |   253 |   137 ||   516
Invok: Heroism           |       |       |     3 ||     3
  Use: Scroll            |       |     8 |     5 ||    13
       Potion            |       |       |     1 ||     1
 Stab: Invisible         |       |       |     1 ||     1
  Eat: Chunk             |     1 |     8 |       ||     9
       Royal jelly       |       |       |     1 ||     1
Armor: Scale mail        |    91 |   171 |    76 ||   338
Dodge: Dodged            |    65 |    95 |    28 ||   188
Block: Shield            |   100 |   147 |    76 ||   323

Table legend:
 A = Spawn XP
 B = Non-spawn XP
 C = Spawn XP percentage of total XP
 D = Spawn monster count
 E = Non-spawn monster count
 F = Spawn count percentage of total count
 G = Total turns spent on level
                    A         B        C        D         E        F      G
               +---------+---------+-------+---------+---------+-------+---------
         Total |       0 |    1220 |   0.0 |       0 |      97 |   0.0 |  4521
               +---------+---------+-------+---------+---------+-------+---------
           D:1 |       0 |      40 |   0.0 |       0 |      25 |   0.0 |  1072
           D:2 |       0 |     187 |   0.0 |       0 |      23 |   0.0 |  1135
           D:3 |       0 |     122 |   0.0 |       0 |      18 |   0.0 |   740
           D:4 |       0 |     771 |   0.0 |       0 |      27 |   0.0 |  1355
           D:5 |       0 |     100 |   0.0 |       0 |       4 |   0.0 |   219
               +---------+---------+-------+---------+---------+-------+---------
